 Dungeon Crawl Stone Soup version 0.19-a0-1201-gda63bca (webtiles) character file.

45023 Magifyre the Fencer (level 14, 0/74 HPs)
             Began as a Gargoyle Berserker on Aug 18, 2016.
             Was the Champion of Trog.
             Engulfed by a ghost crab's spectral mist (5 damage)
             ... on level 5 of the Abyss on Aug 20, 2016.
             The game lasted 01:09:29 (15649 turns).

Magifyre the Fencer (Gargoyle Berserker)           Turns: 15649, Time: 01:09:30

Health: 0/74       AC: 41    Str: 33    XL:     14   Next: 31%
Magic:  14/14      EV:  5    Int:  5    God:    Trog [******]
Gold:   1041       SH: 13    Dex:  9    Spells: 0 memorised, 13 levels left

rFire  + . .     SeeInvis .     y - +8 falchion "Reqaegy" {slice, rF+ Str+4 Int-3}
rCold  . . .     Gourm    .     N - +0 plate armour
rNeg   + . .     Faith    .     C - +0 shield
rPois  ∞         Spirit   .     Z - +2 helmet
rElec  +         Dismiss  +     Y - +2 cloak
rCorr  +         Reflect  .     W - +1 pair of gloves of Gallantry {Str+3 Stlth+}
MR     +++..     Harm     .     r - +0 pair of boots
Stlth  ..........               R - amulet of dismissal
                                T - ring of resist corrosion
                                p - +6 ring of protection

@: grasped by roots, regenerating, slowed, very slow
A: big wings, negative energy resistance 1, electricity resistance, unbreathing,
petrification resistance, rot immunity, AC +9
a: Fly, Berserk, Trog's Hand, Brothers in Arms, Burn Spellbooks, Renounce
Religion


You were on level 5 of the Abyss.
You worshipped Trog.
Trog was exalted by your worship.
You were hungry.

You visited 2 branches of the dungeon, and saw 16 of its levels.
You visited the Abyss 1 time.
You also visited: Sewer and Ice Cave.

You collected 1176 gold pieces.
You spent 135 gold pieces at shops.

Inventory:

Hand Weapons
 y - the +8 falchion "Reqaegy" (weapon) {slice, rF+ Str+4 Int-3}
   (You found it on level 4 of the Dungeon)

   It inflicts extra damage upon your enemies.
   It affects your strength (+4).
   It affects your intelligence (-3).
   It protects you from fire.
 A - a +3 antimagic great sword
 G - a +3 scimitar of protection
Missiles
 H - a throwing net (quivered)
Armour
 r - a +0 pair of boots (worn)
 C - a +0 shield (worn)
 N - a +0 plate armour (worn)
 W - the +1 pair of gloves of Gallantry (worn) {Str+3 Stlth+}
   (You found it on level 9 of the Dungeon)

   It affects your strength (+3).
   It makes you more stealthy.
 Y - a +2 cloak (worn)
 Z - a +2 helmet (worn)
Jewellery
 p - a +6 ring of protection (left hand)
 D - an uncursed ring of positive energy
 F - an uncursed ring of ice
 Q - an uncursed ring of fire
 R - an amulet of dismissal (around neck)
 T - a ring of resist corrosion (right hand)
Wands
 o - a wand of polymorph (14/24)
 E - a wand of polymorph (16/24)
 I - a wand of enslavement (22/24)
 O - a wand of paralysis (12/24)
Scrolls
 a - 12 scrolls of remove curse
 h - a scroll of summoning
 i - 3 scrolls of magic mapping
 j - 3 scrolls of recharging
 k - 5 scrolls of fear
 l - a scroll of fog
 z - a scroll of blinking
 L - 4 scrolls of enchant weapon
 X - 5 scrolls of teleportation
Potions
 b - 4 potions of curing
 d - a potion of cure mutation
 m - 4 potions of lignification
 n - 4 potions of heal wounds
 q - 3 potions of agility
 t - 5 potions of might
 B - a potion of haste
 K - 5 potions of invisibility
 M - a potion of cancellation {unknown}
 P - a potion of berserk rage {unknown}
Books
 g - a book of Dreams

   Spells                             Type                      Level
   a - Ensorcelled Hibernation        Hexes/Ice                    2
   b - Silence                        Hexes/Air                    5
   c - Darkness                       Hexes                        6
   d - Shadow Creatures               Summoning                    6
   Trog disapproves of the use of such an item.
 s - a book of Unlife

   Spells                             Type                      Level
   a - Recall                         Summoning/Translocation      3
   b - Animate Dead                   Necromancy                   4
   c - Control Undead                 Necromancy                   4
   d - Cigotuvi's Embrace             Necromancy                   5
   e - Death Channel                  Necromancy                   6
   f - Simulacrum                     Ice/Necromancy               6
   Trog disapproves of the use of such an item.
 x - a book of Battle

   Spells                             Type                      Level
   a - Infusion                       Charms                       1
   b - Shroud of Golubria             Charms/Translocation         2
   c - Song of Slaying                Charms                       2
   d - Spectral Weapon                Hexes/Charms                 3
   e - Regeneration                   Charms/Necromancy            3
   Trog disapproves of the use of such an item.
Miscellaneous
 e - a sack of spiders
Comestibles
 c - 8 bread rations
 f - 3 chunks of flesh
 v - 8 meat rations
 w - 6 beef jerkies
 J - 3 fruits
 U - 9 slices of pizza


   Skills:
 - Level 3.2 Fighting
 + Level 16.5 Long Blades
   Level 7.1 Maces & Flails
 + Level 11.3 Armour
 - Level 1.5 Dodging
 + Level 10.9 Shields


You had 13 spell levels left.
You didn't know any spells.

Dungeon Overview and Level Annotations

Branches:
Dungeon (10/15)            Temple (0/1) D:6            Lair (6/6) D:9
  Swamp (0/4) Lair:3        Snake (0/4) Lair:2        Slime (0/5) Lair:5
    Orc: D:9-12

Altars:
Cheibriados
Dithmenos
Elyvilon
Hepliaklqana
Makhleb
Okawaru
Qazlal
Sif Muna
Trog

Shops:
D:8 *


Innate Abilities, Weirdness & Mutations

You are resistant to torment.
Your stone body is resilient. (AC +9)
You are immune to poison.
Your large and strong wings let you fly indefinitely.
You resist negative energy. (rN+)
You are resistant to electric shocks. (rElec)
You can survive without breathing.
You are immune to petrification.
You are immune to rotting.


Message History

The spectral spiny frog fades away!
You block the tentacle's attack.
The kraken is engulfed in spectral mist.
Something slaps you but does no damage.
The tentacle is engulfed in spectral mist.
The tentacle dies!
The tentacle is engulfed in spectral mist.
You block the tentacle's attack.
The spectral dire elephant tramples you!
* * * LOW HITPOINT WARNING * * *
The spectral dire elephant trunk-slaps you but does no damage.
You block the tentacle's attack. Something slaps you but does no damage.
The shambling mangrove is engulfed in spectral mist.
The kraken is engulfed in spectral mist.
The kraken squirts a massive cloud of ink into the water!
The tentacle is engulfed in spectral mist.
The tentacle dies!
You hit the tentacled monstrosity.
The tentacled monstrosity is lightly wounded.
You are engulfed in spectral mist.
You die...

.............
_. ..∩......
# #§§≈≈§§≈###
#.§§§§§§§≈§.
##§§§≈≈§§##
#...§XZ...#
#t./≈t§§..#
##{§Z§§§.#
##@wf≈Z##
##X≈≈##
t≈≈≈≈≈#
#≈≈≈#≈≈#
≈≈≈≈≈##
#φ#### ##


You could see a kraken, a tentacled monstrosity, a shambling mangrove, a ghost
crab, a fire crab, an apocalypse crab, a tentacle, a spectral anaconda, a
spectral dire elephant and a spectral quicksilver dragon.

Vanquished Creatures
  Gastronok (Lair:2)
  A dire elephant (Lair:6)
  Josephine (Lair:5)
  Harold (Lair:2)
  3 hydras
  A catoblepas (Lair:6)
  A thrashing horror (Abyss:2)
  Nergalle (Lair:2)
  An unseen horror (D:10)
  A death drake (Abyss:2)
  A necromancer (IceCv)
  A centaur zombie (D:8)
  A griffon (Lair:4)
  12 elephants
  6 black mambas
  A guardian serpent (Lair:2)
  Psyche (D:9)
  2 ice statues (IceCv)
  Maurice (D:9)
  12 spiny frogs
  3 rime drakes
  9 komodo dragons
  6 ice devils (IceCv)
  A polar bear (Lair:4)
  A troll (D:9)
  5 blink frogs (Lair:4)
  2 two-headed ogres
  3 raiju (Abyss:2)
  4 wraiths (Lair:5)
  A wyvern (Lair:4)
  A basilisk (Lair:3)
  32 yaks
  A yak (shapeshifter) (Abyss:2)
  A steam dragon (D:7)
  6 hippogriffs
  A chaos spawn (Abyss:2)
  5 swamp worms (Lair:3)
  7 porcupines
  15 water moccasins
  A black bear (D:7)
  Purgy (Sewer)
  2 ice beasts
  4 orc warriors
  A sky beast (D:6)
  6 wolves (Lair:2)
  An eye of draining (D:6)
  A phantom (D:5)
  3 ogres
  12 crocodiles
  8 centaurs
  A big kobold (D:6)
  13 giant frogs
  2 scorpions (D:6)
  3 killer bees (D:7)
  A howler monkey (D:10)
  9 wights
  An electric eel (Lair:3)
  A draconian simulacrum (IceCv)
  2 centaur skeletons
  4 crimson imps
  13 jellies
  4 orc priests
  7 hounds
  Jessica (D:5)
  A giant frog skeleton (D:6)
  17 iguanas
  4 orc wizards
  9 worker ants
  6 troll simulacra (IceCv)
  23 sheep
  A hound zombie (D:5)
  3 worker ant zombies
  11 adders
  A howler monkey skeleton (D:5)
  3 naga simulacra (IceCv)
  31 river rats
  A shadow imp (D:7)
  An adder skeleton (D:4)
  A worm (D:3)
  A dart slug (D:1)
  8 giant geckos
  22 orcs
  24 bats
  11 giant cockroaches
  8 goblins
  6 hobgoblins
  10 jackals
  6 quokkas
  2 ball pythons
  8 giant newts
  11 kobolds
  16 rats
  A plant (Lair:5)
503 creatures vanquished.

Vanquished Creatures (others)
  7 fungi
  A plant (D:9)
  3 tentacles (Abyss:5)
11 creatures vanquished.

Grand Total: 514 creatures vanquished

Notes
Turn   | Place    | Note
-------+----------+-------------------------------------------
     0 | D:1      | Magifyre the Gargoyle Berserker began the quest for the Orb.
     0 | D:1      | Reached XP level 1. HP: 14/14 MP: 1/1
    54 | D:1      | Upgraded the game from 0.19-a0-1188-g4c2e17c to 0.19-a0-1201-gda63bca
   177 | D:1      | Reached XP level 2. HP: 19/19 MP: 2/2
   680 | D:1      | Reached XP level 3. HP: 20/23 MP: 3/3
   880 | D:2      | Reached ** piety under Trog
  1507 | D:3      | Found a white marble altar of Elyvilon.
  1513 | D:3      | Reached XP level 4. HP: 27/28 MP: 4/4
  1572 | D:3      | Reached skill level 5 in Maces & Flails
  1865 | D:3      | Found a burning altar of Makhleb.
  2135 | D:3      | Reached XP level 5. HP: 31/32 MP: 5/5
  2229 | D:4      | Reached *** piety under Trog
  2277 | D:4      | Noticed an ogre
  2287 | D:4      | Killed an ogre
  2287 | D:4      | Reached XP level 6. HP: 37/37 MP: 6/6
  2387 | D:4      | Found a stormy altar of Qazlal.
  2410 | D:4      | Noticed a fire elemental
  2412 | D:4      | Noticed a water elemental
  2412 | D:4      | Noticed an air elemental
  2470 | D:4      | Got a shimmering falchion
  2471 | D:4      | Identified the +8 falchion "Reqaegy" {slice, rF+ Str+4 Int-3} (You found it on level 4 of the Dungeon)
  2726 | D:5      | Entered Level 5 of the Dungeon
  2780 | D:5      | Reached skill level 2 in Long Blades
  2784 | D:5      | Reached XP level 7. HP: 36/41 MP: 7/7
  2808 | D:5      | Reached skill level 3 in Long Blades
  2904 | D:5      | Reached skill level 4 in Long Blades
  3062 | D:5      | Reached skill level 5 in Long Blades
  3152 | D:5      | Noticed Jessica
  3158 | D:5      | Killed Jessica
  3158 | D:5      | Reached XP level 8. HP: 46/46 MP: 8/8
  3166 | D:5      | Found a deep blue altar of Sif Muna.
  3246 | D:5      | Reached **** piety under Trog
  3857 | D:6      | Reached skill level 6 in Long Blades
  3869 | D:6      | Received a gift from Trog
  3900 | D:6      | Found a glowing drain.
  3963 | Sewer    | Entered a sewer
  4071 | Sewer    | Noticed Purgy
  4075 | Sewer    | Killed Purgy
  4198 | D:6      | Found a staircase to the Ecumenical Temple.
  4206 | D:6      | Reached skill level 7 in Long Blades
  4207 | D:6      | Found an iron altar of Okawaru.
  4513 | D:6      | Found a bloodstained altar of Trog.
  4518 | D:6      | Reached skill level 8 in Long Blades
  4528 | D:6      | Reached XP level 9. HP: 51/51 MP: 2/9
  4656 | D:7      | Reached skill level 9 in Long Blades
  4715 | D:7      | Found a hazy altar of Hepliaklqana.
  4927 | D:7      | Gained mutation: You expend magic power (3 MP) to strengthen your wands. [potion of mutation]
  4927 | D:7      | Gained mutation: You are agile. (Dex +2) [potion of mutation]
  4927 | D:7      | Gained mutation: You are weak. (Str -2) [potion of mutation]
  4928 | D:7      | Lost mutation: You are weak. (Str -2) [potion of cure mutation]
  4928 | D:7      | Lost mutation: You expend magic power (3 MP) to strengthen your wands. [potion of cure mutation]
  4928 | D:7      | Lost mutation: You are agile. (Dex +2) [potion of cure mutation]
  4995 | D:7      | Found a snail-covered altar of Cheibriados.
  5043 | D:7      | Reached skill level 10 in Long Blades
  5536 | D:8      | Found Urosox's Assorted Antiques.
  5544 | D:8      | Bought a pair of runed gloves for 135 gold pieces
  5634 | D:8      | Reached ***** piety under Trog
  5847 | D:8      | Noticed a two-headed ogre
  5855 | D:8      | Killed a two-headed ogre
  5855 | D:8      | Reached skill level 11 in Long Blades
  5855 | D:8      | Reached XP level 10. HP: 53/56 MP: 10/10
  6285 | D:9      | Found a shadowy altar of Dithmenos.
  6319 | D:9      | Got a pair of smoking gloves
  6325 | D:9      | Noticed Maurice
  6329 | D:9      | Reached skill level 12 in Long Blades
  6347 | D:9      | Killed Maurice
  6382 | D:9      | Identified the +1 pair of gloves of Gallantry {Str+3 Stlth+} (You found it on level 9 of the Dungeon)
  6497 | D:9      | Found a staircase to the Lair.
  6668 | D:9      | Noticed Psyche
  6679 | D:9      | Killed Psyche
  6856 | D:10     | Entered Level 10 of the Dungeon
  6988 | D:10     | Killed an unseen horror
  6988 | D:10     | Reached skill level 13 in Long Blades
  7011 | D:10     | Received a gift from Trog
  7480 | D:10     | Identified a scroll of acquirement
  7623 | D:6      | Reached XP level 11. HP: 38/60 MP: 11/11
  7737 | Lair:1   | Entered Level 1 of the Lair of Beasts
  8032 | Lair:1   | Reached skill level 14 in Long Blades
  9084 | Lair:2   | Reached skill level 1 in Shields
  9442 | Lair:2   | Noticed Harold
  9465 | Lair:2   | Killed Harold
  9465 | Lair:2   | Reached skill level 5 in Armour
  9465 | Lair:2   | Reached XP level 12. HP: 54/64 MP: 12/12
  9607 | Lair:2   | Reached skill level 5 in Shields
  9702 | Lair:2   | Reached skill level 15 in Long Blades
  9743 | Lair:2   | Found a frozen archway.
  9780 | IceCv    | Entered an ice cave
 10084 | IceCv    | Received a gift from Trog
 10476 | Lair:2   | Found a staircase to the Snake Pit.
 10493 | Lair:2   | HP: 3/64 [guardian serpent (13)]
 10527 | Lair:2   | Noticed Nergalle
 10547 | Lair:2   | Killed Nergalle
 10776 | Lair:2   | Noticed Gastronok
 10796 | Lair:2   | Killed Gastronok
 10806 | Lair:2   | Reached XP level 13. HP: 68/68 MP: 13/13
 11619 | Lair:3   | Found a staircase to the Swamp.
 12598 | Lair:4   | Identified a -1 rod of clouds (10/10) (You found it on level 4 of the Lair of Beasts)
 13130 | Lair:5   | Reached ****** piety under Trog
 13502 | Lair:5   | Reached skill level 10 in Armour
 13699 | Lair:5   | Reached skill level 16 in Long Blades
 13782 | Lair:5   | Noticed Josephine
 13796 | Lair:5   | Killed Josephine
 14080 | Lair:5   | Found a staircase to the Slime Pits.
 14084 | Lair:5   | Received a gift from Trog
 14675 | Lair:6   | Entered Level 6 of the Lair of Beasts
 14772 | Lair:6   | Reached skill level 10 in Shields
 14852 | Lair:6   | Noticed a dire elephant
 14943 | Lair:6   | Killed a dire elephant
 14943 | Lair:6   | Gained mutation: Your large and strong wings let you fly indefinitely. [Gargoyle growth]
 14943 | Lair:6   | Reached XP level 14. HP: 60/74 MP: 14/14
 15497 | Lair:6   | Cast into level 2 of the Abyss (a wizard)
 15638 | Abyss:5  | Entered Level 5 of the Abyss
 15638 | Abyss:5  | Found a corrupted altar of Lugonu.
 15638 | Abyss:5  | Noticed a kraken
 15643 | Abyss:5  | Noticed a tentacled monstrosity
 15649 | Abyss:5  | Engulfed by a ghost crab's spectral mist

Vault maps used:
D:1:      dpeg_arrival_solitude, minmay_distorted
D:2:      first_bread, dk_noncrumbling_4
D:3:      overflow_temple_1_default, marbit_many_paths, minmay_misc_feat_tiny
D:4:      nicolae_qazlal_style_of_elements, serial_forest,
          infiniplex_forest_straight_3, infiniplex_forest_lined_3,
          infiniplex_forest_straight_3, infiniplex_forest_end_3,
          infiniplex_forest_straight_3, infiniplex_forest_clump_curved
D:5:      tgw_sif, minmay_fountain_box, st_stairs_14, kennysheep_generic_room_4
D:6:      trog_eyes_of_draining, okawaru_ov_weapons_minmay,
          portal_sewer_entry_f, centaur_isle
D:7:      lemuel_crystal_altar, lemuel_round_altar
D:8:      serial_shops, nicolae_shop_temple_entry_statues_fountains
D:9:      nicolae_dithmenos_the_darkroom, grunt_lair_entry_orc_guard_hut,
          grunt_pizzeria, uniq_psyche, uniq_maurice
D:10:     lemuel_flame_loot_2
Lair:1:   bh_autumn_forest_stairs
Lair:2:   minmay_snake_entry_spellcaster, portal_ice_cave_rime,
          beast_lair_carwin_11, grunt_megastairs_3, serial_bayou_shore_a,
          uniq_harold, uniq_gastronok, uniq_nergalle
Lair:3:   nicolae_swamp_entry_splash_gauntlet
Lair:5:   minmay_slime_entry_jelly_boxes, pond, uniq_josephine
Lair:6:   evil_forest
Abyss:3:  nicolae_abyss_rune_left_handed
Abyss:4:  evilmike_abyss_exit_16, grunt_abyss_rune_forest_and_sorcery,
          evilmike_abyss_exit_mutagenic
Abyss:5:  evilmike_nicolae_abyss_rune_betentacled_crabyss, evilmike_abyss_exit_5
Sewer:    kennysheep_door_sewer
IceCv:    ice_cave_tombish

Skill      XL: |  1  2  3  4  5  6  7  8  9 10 11 12 13 14 |
---------------+-------------------------------------------+-----
Maces & Flails | 4 5 6 7 |  7.1
Long Blades    | 2 5 8 11 13 14 15 16 | 16.5
Shields        | 4 7 10 | 10.9
Armour         | 5 8 10 11 | 11.3
Fighting       | |  3.2
Dodging        | |  1.5

Action                   |  1- 3 |  4- 6 |  7- 9 | 10-12 | 13-15 || total
-------------------------+-------+-------+-------+-------+-------++-------
Melee: Mace              |   141 |    95 |       |       |       ||   236
       Flail             |       |    33 |       |       |       ||    33
       Falchion          |       |     9 |   327 |   740 |   807 ||  1883
       Great sword       |       |       |       |    14 |       ||    14
Throw: Javelin           |       |       |       |     3 |       ||     3
       Throwing net      |       |       |       |     1 |       ||     1
Invok: Berserk           |       |     1 |       |     1 |     3 ||     5
       Trog's Hand       |       |       |       |     3 |     4 ||     7
 Abil: Evoke Flight      |       |       |       |     2 |       ||     2
       Fly               |       |       |       |       |     1 ||     1
Evoke: Wand              |       |       |       |       |     1 ||     1
  Use: Potion            |       |       |     3 |     1 |       ||     4
       Scroll            |       |       |     9 |    19 |     6 ||    34
 Stab: Petrified         |       |       |       |       |     2 ||     2
       Petrifying        |       |       |       |       |     1 ||     1
  Eat: Chunk             |     2 |     5 |    11 |    15 |    20 ||    53
       Royal jelly       |       |       |       |     1 |       ||     1
       Fruit             |       |       |       |     2 |       ||     2
Armor: Animal skin       |    28 |       |       |       |       ||    28
       Chain mail        |    50 |    98 |   162 |       |       ||   310
       Plate armour      |       |       |    29 |   355 |   444 ||   828
Dodge: Dodged            |    77 |    66 |    70 |   102 |   142 ||   457
Block: Shield            |       |       |   109 |   234 |   423 ||   766
